 Dungeon Crawl Stone Soup version 0.21.1-1-g345015fe64 (webtiles) character file.

852 Naru the Skirmisher (level 7, -10/71 HPs)
             Began as a Troll Berserker on June 13, 2018.
             Was an Elder of Trog.
             Mangled by a wight
             ... wielding a cursed +5 long sword
              (11 damage)
             ... on level 6 of the Dungeon.
             The game lasted 00:07:56 (3339 turns).

Naru the Skirmisher (Troll Berserker)               Turns: 3339, Time: 00:07:57

Health: -10/71     AC:  8    Str: 26    XL:     7   Next: 69%
Magic:  6/6        EV: 11    Int:  7    God:    Trog [****..]
Gold:   262        SH:  0    Dex: 11    Spells: 6/6 levels left

rFire    . . .     SeeInvis .   v - +0 battleaxe
rCold    . . .     Gourm    +   (shield currently unavailable)
rNeg     . . .     Faith    .   a - +0 animal skin
rPois    .         Spirit   .   (helmet restricted)
rElec    .         Reflect  .   m - +2 cloak
rCorr    .         Harm     .   (gloves unavailable)
MR       ++...                  (boots unavailable)
Stlth    +.........             (no amulet)
HPRegen  1.61/turn              j - +4 ring of intelligence
MPRegen  0.10/turn              (no ring)

@: berserk cooldown, regenerating, slowed, drained, very slow
A: large, unfitting armour, claws 3, fast metabolism 3, gourmand, regeneration
1, shaggy fur 1, tough skin 2
a: Berserk, Trog's Hand, Brothers in Arms, Burn Spellbooks, Renounce Religion


You were on level 6 of the Dungeon.
You worshipped Trog.
Trog was greatly pleased with you.
You were not hungry.

You visited 1 branch of the dungeon, and saw 6 of its levels.

You collected 262 gold pieces.

Inventory:

Hand Weapons
 h - a +0 club
 v - a +0 battleaxe (weapon)
Armour
 a - a +0 animal skin (worn)
 m - a +2 cloak (worn)
Jewellery
 j - a +4 ring of intelligence (left claw)
 t - an uncursed amulet of rage
Wands
 d - a wand of enslavement (17)
 u - a wand of acid (4)
Scrolls
 c - 5 scrolls of remove curse
 e - 2 scrolls of teleportation
 f - 2 scrolls of magic mapping
 l - 2 scrolls of fog
 o - 2 scrolls of amnesia {unknown}
 r - a scroll of blinking {unknown}
 w - a scroll of identify
Potions
 g - a potion of flight
 i - 2 potions of magic
 k - a potion of brilliance {unknown}
 n - a potion of lignification {unknown}
 q - 2 potions of might
 s - a potion of heal wounds {unknown}
Books
 p - a book of Cantrips

   Spells                             Type                      Level
   a - Confusing Touch                Hexes                        1
   b - Animate Skeleton               Necromancy                   1
   c - Summon Small Mammal            Summoning                    1
   d - Apportation                    Translocation                1
   Trog disapproves of the use of such an item.
Comestibles
 b - 15 rations


   Skills:
 * Level 4.7(3.7) Fighting
 * Level 3.0(2.3) Axes
 - Level 2.1 Maces & Flails
 + Level 4.4(3.4) Dodging
 - Level 0.5(0.0) Stealth
 - Level 3.7(2.7) Unarmed Combat


You had 6 spell levels left.
You didn't know any spells.

Dungeon Overview and Level Annotations

Branches:
Dungeon (6/15)
 Temple: D:4-7

Altars:
Ashenzari
Gozag

Annotations:
D:2 1 runed door


Innate Abilities, Weirdness & Mutations

You are too large for most types of armour.
You have claws for hands.
Your metabolism is lightning-fast.
You like to eat raw meat.
Your natural rate of healing is unusually fast.
You are covered in fur. (AC +1)
You have very tough skin. (AC +2)


Message History

* * * LOW HITPOINT WARNING * * *
You barely miss the wight.
The wight hits you with an enchanted hand axe.
* * * LOW HITPOINT WARNING * * *
The wight hits you with an enchanted hand axe!
* * * LOW HITPOINT WARNING * * *
You feel drained.
* * * LOW HITPOINT WARNING * * *
You barely miss the wight. The wight closely misses you.
The wight hits you with an enchanted hand axe.
* * * LOW HITPOINT WARNING * * *
You slice the wight!!
You destroy the wight!
Trog accepts your kill.
Your base Axes skill increases to level 3!
The wight hits you with an enchanted long sword!
* * * LOW HITPOINT WARNING * * *
You feel drained.
The wight hits you with an enchanted long sword!
You die...

... ## ... ##.##
## .... ...## .#
...# #. ..# ##.
#z###.# # #@#...#
.. ##
#†#.#.###.### #.
#.####.#.........#
# #.
#...!........# #.#
#.#.
######..#.#### #.#
#.#. #..#.#
#.##.#.. #..#.##
#.#.###.
###.....###
#....#..
........>..#
#.###.#.


You could see a wight.

Vanquished Creatures
  A phantom (D:5)
  A bullfrog (D:6)
  A howler monkey (D:5)
  4 wights (D:6)
  A centaur zombie (D:5)
  A bullfrog skeleton (D:4)
  A hound (D:4)
  An iguana (D:4)
  Ijyb (D:4)
  Natasha (D:3)
  2 worker ants (D:5)
  A hound skeleton (D:3)
  Robin (D:3)
  4 gnolls (D:3)
  A howler monkey skeleton (D:5)
  5 adders
  3 oozes
  An adder skeleton (D:4)
  4 worms
  A dart slug (D:1)
  2 leopard geckos
  5 orcs (D:3)
  13 bats
  6 giant cockroaches
  25 goblins
  13 hobgoblins
  3 jackals (D:4)
  3 quokkas
  A ball python (D:2)
  5 frilled lizards
  12 kobolds
  A quokka skeleton (D:5)
  13 rats
  2 plants (D:5)
140 creatures vanquished.

Vanquished Creatures (others)
  A goblin (D:4)
1 creature vanquished.

Grand Total: 141 creatures vanquished

Notes
Turn   | Place    | Note
-------+----------+-------------------------------------------
     0 | D:1      | Naru the Troll Berserker began the quest for the Orb.
     0 | D:1      | Reached XP level 1. HP: 22/22 MP: 0/0
    52 | D:1      | Reached XP level 2. HP: 29/29 MP: 1/1
   224 | D:1      | Reached ** piety under Trog
   331 | D:1      | Found a shattered altar of Ashenzari.
   375 | D:1      | Reached XP level 3. HP: 35/36 MP: 2/2
   685 | D:2      | Reached XP level 4. HP: 41/45 MP: 3/3
   907 | D:2      | Found an opulent altar of Gozag.
   981 | D:2      | Found a runed door.
  1137 | D:3      | Reached skill level 1 in Maces & Flails
  1181 | D:3      | Reached *** piety under Trog
  1238 | D:3      | Reached XP level 5. HP: 53/53 MP: 4/4
  1262 | D:3      | Noticed Robin
  1272 | D:3      | Killed Robin
  1694 | D:3      | Noticed Natasha
  1701 | D:3      | Killed Natasha
  2020 | D:4      | Reached XP level 6. HP: 55/62 MP: 5/5
  2424 | D:4      | Found the +3 robe of Folly {Archmagi, MR-- Int+5}
  2549 | D:4      | Noticed Ijyb
  2562 | D:4      | Killed Ijyb
  2685 | D:5      | Entered Level 5 of the Dungeon
  2712 | D:5      | Reached **** piety under Trog
  2773 | D:5      | Reached skill level 1 in Axes
  2773 | D:5      | Reached XP level 7. HP: 71/71 MP: 6/6
  3339 | D:6      | HP: 1/71 [wight/enchanted long sword (10)]
  3339 | D:6      | Mangled by a wight

Skill      XL: |  1  2  3  4  5  6  7 |
---------------+----------------------+-----
Fighting       | 3 4 |  4.7
Dodging        | 3 4 |  4.4
Maces & Flails | 1 2 |  2.1
Axes           | 1 3 |  3.0
Stealth        | |  0.5
Unarmed Combat | |  3.7

Action                   |  1- 3 |  4- 6 |  7- 9 || total
-------------------------+-------+-------+-------++-------
Melee: Unarmed           |    95 |   202 |       ||   297
       Punch             |     2 |     6 |       ||     8
       Battleaxe         |       |    33 |    25 ||    58
Invok: Berserk           |     1 |     2 |     1 ||     4
       Trog's Hand       |     1 |     2 |     1 ||     4
  Use: Scroll            |       |     9 |       ||     9
 Stab: Sleeping          |       |     4 |       ||     4
  Eat: Chunk             |     8 |    20 |     3 ||    31
       Ration            |       |       |     1 ||     1
Armor: Animal skin       |    56 |    83 |    18 ||   157
Dodge: Dodged            |    58 |   138 |    13 ||   209
